Map: Winter Madness LE

Players

Agenttim - Winner!

  • Race: Terran Terran
  • League: Silver
  • Spawn Location: 5:00

SCIInewby

  • Race: Protoss Protoss
  • League: Master
  • Spawn Location: 11:00

VOD

Have the link to the VOD?

Description

Time

  • Played on: Feb. 6, 2026, 2:56 p.m.
  • Length: 13:57
Show
View Real Time Build Order
Export as new Build Order

Agenttim Terran - Winner!

Build Orders:  

Get SALT Encoding   

  12  0:00  SCV  
  13  0:12  SCV  
  14  0:18  Supply Depot  
  14  0:25  Refinery  
  14  0:29  SCV  
  15  0:44  Barracks  
  15  0:48  SCV  
  16  0:57  Refinery  
  16  1:16  SCV, Supply Depot  
  17  1:31  Reaper  
  19  1:37  Orbital Command  
  18  2:06  Factory  
  18  2:15  SCV  
  19  2:20  Marine  
  20  2:27  SCV  
  21  2:38  Marine  
  21  2:50  Factory Tech Lab  
  21  2:51  Starport  
  21  2:56  Marine  
  22  3:05  Command Center  
  22  3:12  Hellion  
  24  3:14  Reaper  
  25  3:24  SCV  
  26  3:30  Starport Tech Lab  
  26  3:31  Bunker  
  26  3:39  Siege Tank  
  29  3:42  Supply Depot  
  29  3:45  SCV  
  30  3:52  Barracks Tech Lab  
  30  3:57  SCV  
  30  4:02  Supply Depot  
  31  4:24  Marine  
  30  4:27  Orbital Command  
  31  4:32  Supply Depot  
  31  4:34  Supply Depot, SCV  
  31  4:37  Banshee  
  35  4:41  Marine  
  36  4:59  Marine  
  36  5:04  Siege Tank  
  36  5:06  Stimpack  
  38  5:17  Marine  
  37  5:31  SCV  
  37  5:32  SCV  
  37  5:35  Marine, Cloaking Field  
  40  5:41  Supply Depot  
  39  5:51  Refinery  
  39  5:52  Refinery  
  39  5:53  Marine, Cyclone  
  43  6:00  Barracks  
  43  6:04  Barracks  
  43  6:06  Barracks  
  43  6:09  SCV  
  43  6:11  Marine  
  45  6:28  Marine  
  43  6:34  SCV  
  43  6:35  SCV  
  43  6:39  Siege Tank  
  43  6:46  Marine  
  40  6:51  Barracks Reactor  
  40  6:58  SCV x2, Barracks x2  
  42  7:04  Marine  
  43  7:10  SCV x2  
  43  7:12  Command Center  
  45  7:17  Marine  
  45  7:18  Marine  
  45  7:22  Marine  
  48  7:23  Widow Mine  
  48  7:26  Medivac  
  49  7:35  Marine x2  
  51  7:40  Marine, SCV x2  
  51  7:43  Combat Shield  
  54  7:44  Widow Mine  
  56  7:52  SCV x2  
  56  7:56  Medivac  
  60  8:00  Barracks Tech Lab  
  60  8:02  Barracks Tech Lab  
  60  8:08  Barracks Tech Lab  
  60  8:11  Barracks Tech Lab  
  60  8:20  Marine x2  
  60  8:21  Siege Tank, SCV  
  60  8:22  SCV, Marine x2  
  60  8:23  Marine  
  60  8:25  Concussive Shells  
  60  8:26  Medivac  
  72  8:30  Orbital Command  
  72  8:36  SCV  
  72  8:38  Marine  
  72  8:39  SCV  
  72  8:40  Marine x2  
  72  8:41  Marine  
  78  9:03  Liberator  
  81  9:10  Bunker  
  81  9:13  Engineering Bay  
  81  9:14  Marine x3, Engineering Bay  
  81  9:15  Marine x4  
  88  9:17  Armory  
  88  9:23  SCV x2  
  88  9:24  SCV  
  91  9:32  Marine x4  
  91  9:33  Marine x2  
  97  9:41  Starport x2  
  97  9:46  Medivac  
  97  9:49  Supply Depot  
  97  9:52  Terran Infantry Weapons Level 1, Terran Infantry Armor Level 1  
  99  9:53  Supply Depot  
  99  9:55  SCV x2  
  101  10:15  Medivac  
  83  10:39  Marine x4  
  83  10:40  Marine x2  
  88  10:45  Medivac  
  88  10:48  Marine  
  73  10:57  Marine x6, Supply Depot  
  73  11:00  Medivac x2  
  83  11:05  Marine  
  83  11:10  SCV x2  
  82  11:13  Refinery  
  82  11:15  Marine x6, Medivac  
  82  11:18  Refinery  
  90  11:23  Marine  
  88  11:30  Siege Tank  
  85  11:32  Marine  
  85  11:33  Marine x4  
  85  11:39  Marauder  
  92  11:42  Marauder  
  92  11:50  Marine x2  
  92  11:51  Marine x2, Marauder, SCV x2  
  92  11:53  SCV  
  101  12:00  Marine  
  102  12:02  Siege Tank, Marine  
  102  12:03  SCV  
  102  12:06  Supply Depot  
  102  12:07  Liberator x2  
  113  12:11  Marine x2  
  113  12:12  Marine x2  
  111  12:20  Marauder x2  
  110  12:24  Marine  
  110  12:29  Marine x2  
  113  12:37  Marauder x2  
  113  12:38  Liberator  
  113  12:41  Widow Mine, Marauder  
  124  12:50  Marine x2  
  126  12:54  SCV x2  
  126  12:56  Marine  
  126  12:57  Marine  
  126  12:58  Marine x2  
  130  13:02  Widow Mine  
  131  13:08  Marine  
  131  13:09  Marine x2  
  129  13:15  Marine x2  
  129  13:16  Marine  
  129  13:18  Marine  
  132  13:26  Marine  
  133  13:32  Marine  
  133  13:34  Marine  
  133  13:35  Marine  
  133  13:37  Marine  
Show
View Real Time Build Order
Export as new Build Order

SCIInewby Protoss 

Build Orders: Forge Fast Expand (FFE) 

Get SALT Encoding   

  12  0:01  Probe  
  13  0:13  Probe  
  14  0:26  Pylon  
  14  0:38  Probe  
  15  0:51  Forge  
  15  0:52  Probe  
  16  1:09  Probe  
  16  1:21  Probe  
  16  1:22  Nexus  
  17  1:33  Assimilator  
  17  1:37  Gateway  
  17  1:39  Probe  
  18  1:46  Assimilator  
  18  2:01  Photon Cannon  
  18  2:03  Probe  
  19  2:11  Probe  
  20  2:18  Assimilator  
  20  2:19  Probe  
  21  2:30  Probe  
  21  2:33  Cybernetics Core  
  21  2:42  Probe x2  
  22  2:51  Pylon  
  22  2:54  Probe  
  22  2:58  Zealot  
  25  3:11  Probe x2  
  27  3:15  Photon Cannon  
  27  3:33  Warp Gate  
  27  3:39  Probe x2  
  27  3:41  Stalker  
  29  3:44  Protoss Ground Weapons Level 1  
  31  3:51  Probe  
  31  3:54  Probe  
  32  4:00  Probe  
  33  4:02  Probe  
  33  4:08  Probe  
  35  4:11  Probe  
  37  4:19  Probe  
  37  4:23  Probe  
  37  4:35  Gateway  
  37  4:36  Gateway  
  37  4:38  Gateway  
  37  4:39  Gateway  
  37  4:42  Gateway  
  37  4:52  Zealot, Robotics Facility  
  39  4:54  Robotics Facility  
  39  4:59  Pylon  
  35  5:19  Zealot  
  34  5:32  Stalker  
  36  5:35  Zealot x2  
  36  5:36  Zealot  
  42  5:43  Probe x2  
  44  5:51  Probe x2  
  44  5:55  Zealot x3  
  44  5:56  Zealot  
  54  6:08  Twilight Council  
  54  6:25  Probe x2  
  53  6:31  Immortal  
  31  6:54  Immortal  
  33  7:00  Zealot  
  34  7:01  Zealot  
  34  7:05  Stalker  
  34  7:06  Stalker  
  40  7:09  Stalker  
  40  7:10  Immortal  
  40  7:11  Stalker  
  49  7:15  Probe x2  
  48  7:27  Probe  
  49  7:40  Immortal  
  53  8:03  Probe  
  53  8:04  Pylon  
  54  8:05  Pylon  
  54  8:11  Pylon  
  54  8:15  Pylon  
  54  8:22  Probe x2  
  54  8:23  Stalker  
  54  8:24  Charge, Zealot  
  60  8:34  Probe x2  
  60  8:35  Zealot  
  64  8:46  Probe x2  
  62  8:58  Probe x2  
  64  9:12  Pylon  
  64  9:23  Photon Cannon  
  64  9:36  Photon Cannon  
  64  9:44  Probe x2  
  66  9:52  Zealot x2  
  68  9:53  Zealot x2  
  68  9:56  Probe x2  
  68  9:58  Zealot  
  68  9:59  Nexus  
  78  10:08  Probe x2  
  80  10:20  Probe x2  
  72  10:32  Probe  
  72  10:35  Probe  
  70  10:44  Probe  
  70  10:47  Probe, Zealot x2  
  70  10:48  Zealot x2  
  70  10:49  Zealot x2  
  80  10:54  Probe  
  80  10:55  Probe  
  81  11:02  Probe  
  81  11:03  Probe  
  82  11:24  Nexus  
  58  11:35  Zealot  
  58  11:36  Zealot x3  
  58  11:37  Zealot  
  60  12:02  Stalker x2  
  60  12:03  Stalker x2  
  68  12:10  Pylon  
  58  12:28  Immortal x2  
  66  12:35  Pylon  
  66  12:36  Zealot  
  68  12:46  Zealot x2  
  68  12:47  Zealot  
  74  12:53  Zealot  
  74  12:54  Zealot  
  78  12:59  Zealot  
  75  13:11  Stalker x2  
  75  13:12  Stalker  
  61  13:19  Stalker  
  53  13:22  Stalker x2  
  53  13:23  Stalker  
Tags
 
Add a new tag
Caveats
  • Supply blocks, unpowered buildings, or Contaminate may cause inaccurate times.
  • Supply counts are checked every 10 seconds.